 Dungeon Crawl Stone Soup version 0.17-a0-1409-ge6d9485 (webtiles) character file.

43 urechis the Poker (level 3, -5/27 HPs)
             Began as a Merfolk Skald on June 22, 2015.
             Killed from afar by Jessica (9 damage)
             ... with a wand of magic darts
             ... on level 2 of the Dungeon.
             The game lasted 00:05:25 (1119 turns).

urechis the Poker (Merfolk Skald)                   Turns: 1119, Time: 00:05:25

Health: -5/27      AC:  4    Str: 12    XL:     3   Next: 58%
Magic:  3/6        EV: 11    Int: 11    God:
Gold:   163        SH:  0    Dex: 14    Spells: 2 memorised, 3 levels left

rFire  . . .     SeeInvis .     a - +0 spear
rCold  . . .     Clarity  .     n - +0 leather armour
rNeg   . . .     SustAt   .     (no shield)
rPois  .         Gourm    .     (no helmet)
rElec  .         Spirit   .     (no cloak)
rCorr  .         Warding  .     i - +0 pair of gloves
rMut   .         Stasis   .     (no boots)
MR     .....                    (no amulet)
Stlth  +.........               (no ring)
                                (no ring)

@: infused (expiring), very slightly contaminated, not resistant to hostile
enchantments, very unstealthy
A: change form in water, swift swim
a: no special abilities


You were on level 2 of the Dungeon.
You were not hungry.

You visited 1 branch of the dungeon, and saw 2 of its levels.

You collected 163 gold pieces.

Inventory:

Hand weapons
 a - a +0 spear (weapon)
 b - a +0 hunting sling
Missiles
 j - 11 poisoned needles
 o - 15 sling bullets
Armour
 i - a +0 pair of gloves (worn)
 n - a +0 leather armour (worn)
Scrolls
 e - a scroll of blinking {unknown}
 h - a scroll of noise {unknown}
 k - 2 scrolls of identify {unknown}
 l - a scroll of amnesia {unknown}
 q - 2 scrolls of teleportation {unknown}
Potions
 f - a potion of agility {unknown}
 g - a potion of resistance {unknown}
 p - a potion of curing {unknown}
Books
 c - a book of Battle

   Spells                             Type                      Level
   a - Infusion                       Charms                       1
   b - Shroud of Golubria             Charms/Translocation         2
   c - Song of Slaying                Charms                       2
   d - Spectral Weapon                Hexes/Charms                 3
   e - Regeneration                   Charms/Necromancy            3
Comestibles
 d - 2 bread rations
 m - a meat ration


   Skills:
 - Level 2.1 Fighting
 + Level 5.6 Polearms
 - Level 0.6 Armour
 - Level 1.3 Dodging
 - Level 2.0 Spellcasting
 - Level 3.2 Charms


You had 3 spell levels left.
You knew the following spells:

 Your Spells              Type           Power        Failure   Level  Hunger
a - Infusion              Chrm           #.....       12%         1    ##.....
b - Song of Slaying       Chrm           #.......     17%         2    ###....


Dungeon Overview and Level Annotations

Branches:
Dungeon (2/15)

Altars:

Annotations:
D:2 Jessica


Message History

Jessica casts a spell.
Jessica seems to speed up.
You barely miss Jessica.
Jessica is almost dead.
Jessica hits you.
You closely miss Jessica.
Jessica is almost dead.
Jessica gestures at you while chanting. Pain shoots through your body!
* * * LOW HITPOINT WARNING * * *
You completely miss Jessica.
Jessica is almost dead.
Jessica zaps a wand.
The magic dart hits you!
* * * LOW HITPOINT WARNING * * *
Jessica misses you.
You closely miss Jessica.
Jessica is almost dead.
Your magical infusion is running out.
Jessica zaps a wand.
The magic dart hits you!
You die...

####### ##.....##
##.......## . #.........#
########..
##.......####.........
######.........†@@##§.....
..........########((.#
#####.###.# #...###
.....#.# #(.### #.....#.#
#K.# #........ ..@#
...<......### ##..........
............


You could see Jessica.

Vanquished Creatures
  An adder (D:2)
  An ooze (D:1)
  A worm (D:2)
  A giant gecko (D:2)
  A ball python (D:1)
  3 bats (D:1)
  5 hobgoblins
  4 jackals (D:1)
  2 giant newts
  2 goblins
  2 kobolds (D:1)
  4 rats (D:1)
27 creatures vanquished.

Notes
Turn   | Place    | Note
--------------------------------------------------------------
     0 | D:1      | urechis the Merfolk Skald began the quest for the Orb.
     0 | D:1      | Reached XP level 1. HP: 16/16 MP: 3/3
    91 | D:1      | Reached skill level 4 in Polearms
    91 | D:1      | Reached XP level 2. HP: 12/22 MP: 5/5
   250 | D:1      | Learned a level 2 spell: Song of Slaying
   746 | D:1      | Reached XP level 3. HP: 27/27 MP: 6/6
   763 | D:1      | Reached skill level 5 in Polearms
  1101 | D:2      | Noticed Jessica
  1119 | D:2      | Killed from afar by Jessica

Vault maps used:
D:1:      minmay_arrival_four_loops, st_stairs_5
D:2:      first_bread, uniq_jessica

Action                   || total
-------------------------++-------
Melee: Spear             ||   106
 Fire: Hunting sling     ||    13
 Cast: Infusion          ||     1
 Stab: Sleeping          ||     1
  Eat: Chunk             ||     1
